[Event "*** SCC Grand Prix: Titled Tuesday Blitz"]
[Site "Chess.com"]
[Date "2020.10.06"]
[Round "10"]
[White "Supernotar"]
[Black "Infernal_XaM"]
[Result "1/2-1/2"]
[WhiteElo "2811"]
[BlackElo "2877"]
[TimeControl "180+1"]
[EndTime "11:59:52 PDT"]
[Termination "Game drawn - insufficient material"]

1. d4 Nf6 2. c4 e6 3. Nf3 b6 4.
g3 Bb7 5. Bg2 Bb4+ 6. Nbd2 c5 7.
O-O cxd4 8. Nxd4 Bxg2 9. Kxg2 O-O 10. a3 Be7 11. b3 d5 12. Bb2 e5 13. Nf5 d4 14.
Nxe7+ Qxe7 15. Qc2 Nc6 16. Ne4 Nd7 17. g4 f5 18. gxf5 Rxf5 19. Kh1 Raf8 20. f3 Qh4 21. Rg1 Rh5 22. Rg2 Nf6 23. Ng3 Rg5 24. Rag1 Nd7 25.
Bc1 Rg6 26. Nf5 Qf6 27. Rxg6 hxg6 28. Ng3 Ne7 29. Ne4 Qc6 30. Qd2 Rf5 31. Qe1 Nc5 32. Ng5 Ne6 33. Ne4 Rh5 34. Qg3 Nc5 35. Ng5 Qf6 36.
b4 Ne6 37. Ne4 Qf5 38. Bg5 Nxg5 39. Nxg5 Nc6 40. Ne4 d3 41. e3 Rh3 42. Qxg6 Qxg6 43.
Rxg6 Rxf3 44. Rxc6 Rxe3 45. Rd6 Rxe4 46. Rxd3 Rxc4 47.
Rd7 Rc6 48. Rxa7 Kf8 49. Kg2 Rf6 50. Kg3 e4 51. Rc7 e3 52. Rc3 Re6 53. Rc1 b5 54.
Re1 Kf7 55. Kf3 Rh6 56. Re2 Rh3+ 57. Kg4 Rh6 58. Kf3 Ra6 59. Rxe3 Kf6 60. Kf4 Rc6 61.
Kg3 Kf5 62. Kf3 Rc2 63. Rd3 Rxh2 64. Rd5+ Kf6 65. Rxb5 Rh3+ 66. Kf4 Rxa3 67. Rb6+ Kf7 68. Rb7+ Kg6 69. Rb6+ Kh5 70. b5 g5+ 71. Kf5 Rf3+ 72.
Ke4 g4 73. Rb8 Rb3 74. Kd5 Kh4 75. Kc6 Rc3+ 76. Kb7 Kg3 77. Rg8 Kf3 78. b6 g3 79. Ka8 Ra3+ 80. Kb8 Ra4 81. Rxg3+ Kxg3 82. b7 Kf4 83. Kc7 Rc4+ 84. Kd7 Rd4+ 85. Kc7 Rc4+ 86.
Kd7 Rb4 87. Kc7 Rxb7+ 88. Kxb7 1/2-1/2

[Event "*** SCC Grand Prix: Titled Tuesday Blitz"]
[Site "Chess.com"]
[Date "2020.10.06"]
[Round "10"]
[White "Beca95"]
[Black "Legendinunknown"]
[Result "1-0"]
[WhiteElo "2898"]
[BlackElo "2648"]
[TimeControl "180+1"]
[EndTime "12:00:01 PDT"]
[Termination "Beca95 won on time"]

1. d4 d5 2. c4 c6 3. Nc3 Nf6 4.
Nf3 e6 5. Qd3 Nbd7 6. Bf4 Bb4 7.
a3 Bxc3+ 8. Qxc3 Ne4 9. Qc2 f5 10. g3 Qf6 11. h4 a5 12. Bg2 a4 13. O-O O-O 14. c5 h6 15. Be5 Nxe5 16. Nxe5 Qd8 17. Bxe4 fxe4 18. f3 exf3 19. Rxf3 Rxf3 20. exf3 Bd7 21.
Re1 Be8 22. b4 axb3 23. Qxb3 Ra7 24. Qb4 Qf6 25. Kf2 Qf5 26. Re2 Qh3 27. g4 Qh2+ 28.
Ke3 Qxh4 29. a4 Qg5+ 30. Kf2 Qf4 31. Kg2 Qc1 32. a5 Qa1 33. Nd3 Bf7 34. Ne5 Qxa5 35. Qb3 Be8 36. Qe3 Qb5 37. Rf2 Ra1 38. Kg3 Qb1 39. Rg2 Qe1+ 40. Qxe1 Rxe1 41. Ra2 Rd1 42. Ra8 Kf8 43. Ra4 Ke7 44. Rb4 Kd8 45. Rxb7 Rxd4 46.
Rxg7 Rd1 47. Rh7 Rc1 48. Rxh6 Rxc5 49. Rxe6 Rc3 50. g5 c5 51. Rd6+ Ke7 52. Rf6 d4 53.
Rh6 d3 54. Rh2 c4 55. Rh7+ Ke6 56. Kf4 d2 57. Rh6+ Kd5 58. Rh8 d1=Q 59. Rxe8 Qc1+ 60. Kf5 Qc2+ 61. Kf6 Re3 62. f4 Re4 63. f5 Qc3 64. Rd8+ Kc5 65. Rc8+ Kb6 66. Re8 Qd4 67. g6 c3 68. g7 c2 69. g8=Q c1=Q 70. Rb8+ Ka5 71. Qa2+ Qa4 72. Ra8+ Kb5 73. Rxa4 Qh6+ 74. Ng6 Rxa4 75.
Qd5+ Kb4 76. Qd4+ Ka5 77. Qa7+ Kb4 78. Qb7+ Ka3 79. Ke6 Qe3+ 80. Kf7 Qc5 81. f6 Ra7 82. Qe7 Kb4 83. Kf8 1-0

[Event "*** SCC Grand Prix: Titled Tuesday Blitz"]
[Site "Chess.com"]
[Date "2020.10.06"]
[Round "10"]
[White "serena-maria"]
[Black "WPWPWP-2015"]
[Result "0-1"]
[WhiteElo "2299"]
[BlackElo "2447"]
[TimeControl "180+1"]
[EndTime "12:00:23 PDT"]
[Termination "WPWPWP-2015 won by resignation"]

1. Nf3 Nf6 2. g3 c5 3. Bg2 b6 4. O-O Bb7 5. c4 e6 6. Nc3 Be7 7. Re1 O-O 8. e4 d6 9. d4 cxd4 10. Nxd4 Qc8 11. Be3 Nbd7 12. Rc1 a6 13. f4 Rd8 14.
Bf2 Qc7 15. g4 Rac8 16. g5 Ne8 17. b3 Bf8 18. h4 g6 19. h5 Bg7 20. f5 Nf8 21. f6 Bh8 22. Qg4 e5 23. Nc2 Ne6 24. Ne3 Nf4 25. Ncd5 Bxd5 26. Nxd5 Nxd5 27. exd5 Bxf6 28.
gxf6 Nxf6 29. Qh4 Nxh5 30. Be3 f5 31. Bf3 Ng7 32. Kg2 Rf8 33. Rh1 Ne8 34. Bg5 Rf7 35.
Be2 Qd7 36. Rc3 Rc7 37. Rch3 h5 38. Qf2 Rh7 39. Qg3 Qf7 40. Bd2 Ng7 41. Bc3 Re7 42.
Qf2 Rb7 43. Rg3 f4 44. Rg5 Nf5 45. Bd3 Ne3+ 46. Kh2 Rg7 47. Rhg1 Ng4+ 48. R1xg4 hxg4 49. Rxg4 Qf6 50. Qg2 Rh7+ 51. Kg1 Rbg7 52. Qf2 Rh5 53. Qxb6 Rg5 54. Rxg5 Qxg5+ 55. Kf1 Kh7 56. Qf2 Qg4 57.
Qg2 Qd1+ 58. Be1 Qxd3+ 59. Kg1 Qe3+ 60. Bf2 Qe2 61. Qh2+ Qh5 62. Qg2 f3 63. Qg3 e4 64.
Qxd6 Qh3 65. Qg3 Qxg3+ 66. Bxg3 e3 67. Kf1 g5 68. d6 Rf7 69. c5 e2+ 70. Ke1 Rf5 71.
c6 Rd5 72. d7 Rd1+ 73. Kf2 e1=Q+ 74. Kxf3 Qf1+ 75. Kg4 Qd3 76. c7 Qe2+ 77. Kxg5 Qe3+ 78.
Bf4 Qe7+ 79. Kg4 Qxd7+ 80. Kf3 Qc8 81. Ke2 Rd7 82. Ke3 Rf7 83. Be5 Rd7 84. Ke4 Kg8 85. Kf4 Kf7 86. Kf5 Re7+ 87. Ke4 Rxe5+ 88. Kxe5 Qxc7+ 89. Kd4 Qa5 90. a4 Qb4+ 91. Kd5 a5 92. Kc6 Qxb3 93. Kc5 Qb4+ 94. Kc6 Qxa4+ 95. Kc7 Qa3 96.
Kb6 Qa2 97. Kb5 a4 0-1

[Event "*** SCC Grand Prix: Titled Tuesday Blitz"]
[Site "Chess.com"]
[Date "2020.10.06"]
[Round "10"]
[White "chessfrendz"]
[Black "FloMaster111"]
[Result "0-1"]
[WhiteElo "2383"]
[BlackElo "2551"]
[TimeControl "180+1"]
[EndTime "12:00:32 PDT"]
[Termination "FloMaster111 won by checkmate"]

1. d4 d5 2. Nf3 Nf6 3. Bf4 c5 4. e3 Nc6 5. c3 Qb6 6. Qb3 c4 7. Qxb6 axb6 8. Nbd2 b5 9. Ne5 Bf5 10.
Nxc6 bxc6 11. a3 e6 12. Rc1 c5 13. dxc5 Bxc5 14. Be2 O-O 15. O-O Rfe8 16. Be5 Nd7 17. Bg3 e5 18. Rfd1 d4 19. cxd4 exd4 20. exd4 Bxd4 21.
Nxc4 bxc4 22. Rxd4 Rxe2 23. Rdxc4 Rxb2 24. h4 Rb1 25. Rxb1 Bxb1 26. Bf4 h6 27. Bd6 Bf5 28.
f3 Be6 29. Rd4 f6 30. Kf2 Kf7 31. Bb4 Nb6 32. g4 Nc4 33. Rd3 Ne5 34. Rc3 Rc8 35. Rxc8 Bxc8 36. Ke3 Bb7 37. g5 Nxf3 38. gxh6 gxh6 39.
h5 Ne5 40. a4 Ke6 41. Bc3 Kd5 42. Kf4 Ke6 43. a5 Ba6 44. Bd4 Be2 45. Ke3 Bxh5 46.
a6 Be8 47. a7 Bc6 48. Kf4 h5 49. Kg3 Ng6 50. Be3 Kf5 51. Bd4 Kg5 52. Be3+ Kf5 53. Bd4 h4+ 54. Kh3 Kg5 55. Be3+ Kh5 56. Bf2 f5 57.
Be3 f4 58. Bf2 Kg5 59. Kh2 Kg4 60. Be1 Ba8 61. Bf2 f3 62. Be1 Ne5 63. Bf2 Nd3 64. Be3 f2 65. Bxf2 Nxf2 66. Kg1 Nd3 67. Kh2 Nb4 68. Kg1 Nc6 69. Kh2 Nxa7 70. Kg1 Bb7 71.
Kh2 Ba6 72. Kg1 Nc8 73. Kh2 Ne7 74. Kg1 Ng6 75. Kh2 Ne5 76. Kg1 h3 77. Kh2 Kh4 78.
Kg1 Kg3 79. Kh1 Nc4 80. Kg1 Nb2 81. Kh1 Nd3 82. Kg1 Bc8 83. Kh1 Nf2+ 84. Kg1 h2+ 85. Kf1 h1=Q+ 86. Ke2 Qd1+ 87. Ke3 Qe1+ 88. Kd4 Qe4+ 89.
Kc5 Qe5+ 90. Kc4 Qd6 91. Kc3 Qd5 92. Kc2 Ng4 93. Kc3 Ne5 94. Kb4 Qc6 95. Kb3 Qc5 96.
Kb2 Qc4 97. Ka3 Qb5 98. Ka2 Nf3 99. Ka3 Nd4 100. Ka2 Qb3+ 101. Ka1 Nc2# 0-1